 Dungeon Sprint DCSS version 0.28-a0-1382-g92835e5c71 (webtiles) character file.

Game seed: 194975558326590581

255 mhtbhm the Cudgeller (level 5, 0/91 HPs)
             Began as a Troll Berserker on Jan 2, 2022.
             Was an Elder of Trog.
             Slain by a kobold demonologist (3 damage)
             ... in the Dungeon (Sprint III: "The Ten Rune Challenge").
             The game lasted 00:00:49 (429 turns).

mhtbhm the Cudgeller (Troll Berserker)               Turns: 429, Time: 00:00:50

Health: 0/91       AC:  4    Str: 27    XL:     5   Next: 91%
Magic:  4/4        EV: 11    Int:  3    God:    Trog [****..]
Gold:   22         SH:  0    Dex:  9    Spells: 4/4 levels left

rFire   . . .      SeeInvis .   a - +0 mace
rCold   . . .      Faith    .   (no shield)
rNeg    . . .      Spirit   .   b - +0 animal skin
rPois   .          Reflect  .   (helmet restricted)
rElec   .          Harm     .   (no cloak)
rCorr   .          Rampage  .   (gloves unavailable)
Will    .....      NoTele   +   (boots unavailable)
Stlth   ..........              (no amulet)
HPRegen 1.05/turn               (no ring)
MPRegen 0.09/turn               (no ring)

@: berserking, very quick
A: large, unfitting armour, claws 3, regeneration 1, shaggy fur 1, tough skin 1
a: Renounce Religion, Berserk, Trog's Hand, Brothers in Arms


You were in the Dungeon.
You worshipped Trog.
Trog was greatly pleased with you.
You visited 1 branch You collected 22 gold pieces.

Inventory:

Hand Weapons
 a - a +0 mace (weapon)
Armour
 b - a +0 animal skin (worn)
Wands
 d - a wand of polymorph (7)
 n - a wand of flame (17)
Scrolls
 h - 2 scrolls of blinking
 j - a scroll of immolation {unknown}
 k - 3 scrolls of identify
 m - a scroll of torment {unknown}
Potions
 c - 2 potions of curing
 e - a potion of haste
 f - 2 potions of magic
 g - a potion of berserk rage
 i - 4 potions of mutation {unknown}
 l - 3 potions of flight


   Skills:
 + Level 6.3 Fighting
 + Level 7.0 Maces & Flails
 + Level 6.2 Dodging
 + Level 1.0 Stealth


You had 4 spell levels left.
You didn't know any spells.
Your spell library was empty.

Dungeon Overview and Level Annotations

Branches:
Dungeon (1/1)

Altars:
Dithmenos
Kikubaaqudgha
Ru
Sif Muna
Vehumet
Yredelemnul


Innate Abilities, Weirdness & Mutations

You are too large for most types of armour.
You have claws for hands.
Your natural rate of healing is unusually fast.
You are covered in fur. (AC +1)
You have tough skin. (AC +1)


Message History

The hellwing is lightly wounded.
The kobold demonologist casts a spell.
The hellwing hits you. The hellwing hits you!
Unknown command.
A red film seems to cover your vision as you go berserk!
You feel yourself moving faster!
You feel mighty!
The kobold demonologist begins to cast a cantrip, but forgets the words!
The hellwing hits you! The hellwing hits you.
You closely miss the kobold demonologist.
The kobold demonologist closely misses you.
The hellwing hits you but does no damage.
The hellwing barely misses you.
You closely miss the kobold demonologist.
The kobold demonologist begins to cast a cantrip, but forgets the words!
You closely miss the kobold demonologist.
The hellwing closely misses you.
The hellwing hits you but does no damage.
The kobold demonologist hits you with a +0 dagger.
You closely miss the kobold demonologist.
The hellwing closely misses you. The hellwing hits you.
The smoke demon gestures at you. Something smites you!
* * * LOW HITPOINT WARNING * * *
You sock the kobold demonologist!
The kobold demonologist is severely wounded.
The kobold demonologist closely misses you.
The hellwing hits you but does no damage.
The hellwing hits you.
* * * LOW HITPOINT WARNING * * *
You closely miss the kobold demonologist.
The kobold demonologist is severely wounded.
The kobold demonologist casts a cantrip, but nothing happens.
You barely miss the kobold demonologist.
The kobold demonologist is severely wounded.
The hellwing hits you.
* * * LOW HITPOINT WARNING * * *
The hellwing hits you!
* * * LOW HITPOINT WARNING * * *
The kobold demonologist hits you with a +0 dagger.
You die...

.#......#####..# #__#
##...)...#..#..# #)_#
.##.##...#..#..###+#+###'##
.##.###..##'#..#..........#
####.##..###...'.⌠........#
##..##..####...#...######+#
....##..###....#.⌠.#
#..##...##.....#...#
..##....#......#@###
.###..##.#.....#K4:# . #..
####....#3__# ▓ ▓▓▓
▓▓▓▓▓▓▓▓▓▓


You could see a hellwing (summoned), a kobold demonologist and a smoke demon
(summoned).

Vanquished Creatures
  A necrophage (D)
  A water elemental (D)
  Jessica (D)
  A wizard (D)
  A necromancer (D)
  A human (D)
  A wolf (D)
  An endoplasm (D)
  2 rats (D)
10 creatures vanquished.

Notes
Turn   | Place    | Note
-------+----------+-------------------------------------------
     0 | D        | mhtbhm the Troll Berserker began the quest for the Orb.
     0 | D        | Reached XP level 1. HP: 22/22 MP: 0/0
    13 | D        | Reached skill level 3 in Maces & Flails
    19 | D        | Noticed Jessica
    26 | D        | Killed Jessica
    26 | D        | Reached ** piety under Trog
    27 | D        | Reached skill level 4 in Maces & Flails
    27 | D        | Reached XP level 2. HP: 32/32 MP: 1/1
    85 | D        | Reached XP level 3. HP: 39/39 MP: 2/2
   200 | D        | Noticed a water elemental
   206 | D        | Killed a water elemental
   206 | D        | Reached *** piety under Trog
   207 | D        | Reached skill level 5 in Fighting
   207 | D        | Reached skill level 5 in Maces & Flails
   207 | D        | Reached skill level 5 in Dodging
   207 | D        | Reached XP level 4. HP: 23/50 MP: 3/3
   347 | D        | Found a basalt altar of Yredelemnul.
   347 | D        | Found a shadowy altar of Dithmenos.
   347 | D        | Found a sacrificial altar of Ru.
   347 | D        | Noticed a necrophage
   354 | D        | Killed a necrophage
   355 | D        | Reached skill level 6 in Maces & Flails
   355 | D        | Reached XP level 5. HP: 59/59 MP: 4/4
   415 | D        | Found a radiant altar of Vehumet.
   415 | D        | Found a shimmering blue altar of Sif Muna.
   415 | D        | Found an ancient bone altar of Kikubaaqudgha.
   416 | D        | Reached **** piety under Trog
   417 | D        | Reached skill level 7 in Maces & Flails
   417 | D        | Reached skill level 1 in Stealth
   419 | D        | Noticed a hellwing
   422 | D        | Noticed a smoke demon
   429 | D        | HP: 3/91 [hellwing[a kobold demonologist] (7)]
   429 | D        | Slain by a kobold demonologist

Illustrated notes

Levels and vault maps discovered:
D:        dungeon_sprint_mu [sprint_mu_entry_cave, sprint_mu_temple_rooms,
          sprint_mu_d1_horrors, sprint_mu_d2_genie, sprint_mu_d3_branching,
          sprint_mu_orc_legion, sprint_mu_elf_gauntlet, sprint_mu_hive_nellie,
          sprint_mu_lair_fedhas, sprint_mu_vaults_butterflies,
          sprint_mu_slime_circle, sprint_mu_swamp_cave, sprint_mu_snake_twists,
          sprint_mu_blade_basic, sprint_mu_crypt_lich, sprint_mu_tomb_spiral,
          sprint_mu_vestibule_basic, sprint_mu_gehenna_hellfire,
          sprint_mu_dis_giant, sprint_mu_tartarus_statrot,
          sprint_mu_cocytus_islands, sprint_mu_zot1]

Skill      XL: |  1  2  3  4  5 |
---------------+----------------+-----
Maces & Flails | 4 5 6 7 |  7.0
Fighting       | 3 5 6 |  6.3
Dodging        | 3 5 6 |  6.2
Stealth        | 1 |  1.0

Action                   |  1- 3 |  4- 6 || total
-------------------------+-------+-------++-------
Melee: Mace              |    20 |    20 ||    40
Invok: Berserk           |     3 |     2 ||     5
  Use: Potion            |     1 |       ||     1
 Stab: Sleeping          |     1 |       ||     1
Armor: Animal skin       |     1 |     4 ||     5
Dodge: Dodged            |     4 |     8 ||    12

Table legend: (Time is in decaauts)
 A = Elapsed time spent in this place.
 B = Non-inter-level travel time spent in this place.
 C = Inter-level travel time spent in this place.
 D = Time resting spent in this place.
 E = Time spent auto-exploring this place.
 F = Levels seen in this place.
 G = Mean time per level.
                   A        B        C        D        E       F      G
               +--------+--------+--------+--------+--------+-----+--------+
         Total |    467 |    467 |      0 |    319 |     10 |   1 |  467.0 |
       Dungeon |    467 |    467 |      0 |    319 |     10 |   1 |  467.0 |
               +--------+--------+--------+--------+--------+-----+--------+

Top non-repeatable levels by time:
       D: 467 daAuts
